 Dungeon Sprint DCSS version 0.22.1-1-ga44c0e56f4 (webtiles) character file.

4290 MuseOD the Imperceptible (level 10, -9/47 (49) HPs)
             Began as a Spriggan Enchanter on Sept 21, 2018.
             Was an Elder of Dithmenos.
             Engulfed by a cloud of freezing vapour (18 damage)
             ... in the Dungeon (Sprint II: "The Violet Keep of Menkaure").
             The game lasted 00:03:15 (1210 turns).

MuseOD the Imperceptible (Spriggan Enchanter)       Turns: 1210, Time: 00:03:15

HP:   -9/47 (49)    AC:  2    Str:  4    XL:     10   Next: 11%
MP:   12/23         EV: 18    Int: 21    God:    Dithmenos [****..]
Gold: 1053          SH:  0    Dex: 16    Spells: 20/26 levels left

rFire    . . .     SeeInvis +   a - +1 dagger
rCold    . . .     Gourm    .   (shield restricted)
rNeg     . . .     Faith    .   b - +0 robe
rPois    .         Spirit   .   (helmet restricted)
rElec    .         Reflect  .   (no cloak)
rCorr    .         Harm     .   (gloves unavailable)
MR       +....     NoTele   +   (boots unavailable)
Stlth    +++++++...             (no amulet)
HPRegen  0.15/turn              (no ring)
MPRegen  0.18/turn              (no ring)

@: wreathed by umbra, slow
A: very small, unfitting armour, see invisible, herbivore, speed 3, slow
metabolism 2
a: Shadow Step, Renounce Religion


You were in the Dungeon.
You worshipped Dithmenos.
Dithmenos was greatly pleased with you.
You were not hungry.

You visited 1 branch You collected 1053 gold pieces.

Inventory:

Hand Weapons
 a - a +1 dagger (weapon)
Armour
 b - a +0 robe (worn)
Scrolls
 c - a scroll of immolation {unknown}
 j - a scroll of blinking
Potions
 e - a potion of curing
 g - a potion of haste
 h - a potion of magic
Comestibles
 d - a ration


   Skills:
 + Level 3.6 Fighting
 + Level 10.4 Short Blades
 - Level 3.0 Dodging
 + Level 23.5 Stealth
 - Level 8.8 Spellcasting
 - Level 13.1 Hexes


You had 20 spell levels left.
You knew the following spells:

 Your Spells              Type           Power        Failure   Level  Hunger
a - Corona                Hex            ######.      1%          1    None
b - Ensorcelled Hibernat  Hex/Ice        #####.       1%          2    None
c - Confuse               Hex            ######..     1%          3    None

Your spell library contained the following spells:

 Spells                   Type           Power        Failure   Level  Hunger
 Dazzling Spray           Conj/Hex       #####.       1%          3    None
 Tukima's Dance           Hex            ######..     1%          3    None


Dungeon Overview and Level Annotations

Branches:
Dungeon (1/1)

Altars:
Cheibriados
Dithmenos
Elyvilon
Fedhas
Gozag
Hepliaklqana
Kikubaaqudgha
Makhleb
Nemelex Xobeh
Okawaru
Qazlal
Ru
Sif Muna
Trog
Uskayaw
Vehumet
Wu Jian
Xom
Yredelemnul
Zin
The Shining One
Beogh
Jiyva
Lugonu

Shops:
D %!!?[(

Annotations:
D exclusion: ice statue, Kirke


Innate Abilities, Weirdness & Mutations

You are very small and have problems with some larger weapons.
You are too small for most types of armour.
You have supernaturally acute eyesight. (SInv)
You are a herbivore.
You cover ground extremely quickly.
You need to consume almost no food.


Message History

There is an open door here.
You enter the shallow water.
Moving in this stuff is going to be slow.
Which direction?
You close the gate.
You are engulfed in freezing vapours.
Which direction?
There isn't anything that you can close there!
The ice statue gestures at you. The bolt of cold hits you!
Ouch! That really hurt!
* * * LOW HITPOINT WARNING * * *
You emit a cloud of dark smoke.
There is an open gate here.
Really walk into that cloud of freezing vapour? [Y]es or [N]o only, please.
Really walk into that cloud of freezing vapour?
You enter the shallow water.
Moving in this stuff is going to be slow.
You are engulfed in freezing vapours.
You die...

.∩.#≈
##.##.#.#..#..#..#†.#
..∩+≈
+.<.'###z..####..##.#
##.##.#.#....###...##
##'###.##...§..≈≈≈≈≈≈
##..#####≈≈.§..§≈#'###
#..##w#≈≈≈≈§≈§§.≈#_._.
#≈##.#.##≈≈≈≈≈≈≈§.§#._._
#≈≈##§##≈§≈§≈§≈≈§≈≈#_._.
#≈≈≈§§@§§§§§≈§§≈§≈#._._
#+++#§§§#§≈§≈≈§≈≈≈#.._.
#§§§§§§§##≈≈§###≈≈#..._
#.§§§.§§§.# # #≈≈#....
+..§§.8§§§..' #≈≈#....
##.§)..§§.§##≈≈
§≈≈≈##### ##....§§.##
#######≈≈≈≈ ####'####
§§§###≈### ## ≈≈≈##≈


There were no monsters in sight!

Vanquished Creatures
  An ice dragon (D)
  3 shining eyes (D)
  A yaktaur (D)
  3 polar bears (D)
  A hornet (D)
  5 hippogriffs (D)
  4 necrophages (D)
  A crocodile (D)
  A worm (D)
20 creatures vanquished.

Vanquished Creatures (others)
  A skeletal warrior (D)
  Menkaure (D)
  A crocodile (D)
  A worm (D)
4 creatures vanquished.

Grand Total: 24 creatures vanquished

Notes
Turn   | Place    | Note
-------+----------+-------------------------------------------
     0 | D        | MuseOD the Spriggan Enchanter began the quest for the Orb.
     0 | D        | Reached XP level 1. HP: 9/9 MP: 5/5
     1 | D        | Noticed a hippogriff
     1 | D        | Noticed a hippogriff
     4 | D        | Noticed a necrophage
     4 | D        | Noticed a necrophage
     4 | D        | Noticed a necrophage
     4 | D        | Noticed a necrophage
    15 | D        | Killed a necrophage
    15 | D        | Reached skill level 1 in Fighting
    15 | D        | Reached skill level 10 in Stealth
    15 | D        | Reached XP level 2. HP: 13/13 MP: 6/6
    15 | D        | Reached XP level 3. HP: 17/17 MP: 8/8
    15 | D        | Reached XP level 4. HP: 21/21 MP: 9/9
    20 | D        | Killed a necrophage
    20 | D        | Reached skill level 12 in Stealth
    20 | D        | Reached XP level 5. HP: 24/24 MP: 10/10
    25 | D        | Killed a necrophage
    25 | D        | Reached skill level 13 in Stealth
    41 | D        | Killed a crocodile
    61 | D        | Killed a necrophage
    61 | D        | Reached skill level 14 in Stealth
    61 | D        | Reached XP level 6. HP: 8/28 MP: 11/11
    65 | D        | Learned a level 2 spell: Ensorcelled Hibernation
    69 | D        | Learned a level 3 spell: Confuse
   123 | D        | Killed Menkaure
   283 | D        | Killed a hippogriff
   283 | D        | Reached skill level 15 in Stealth
   286 | D        | Killed a hippogriff
   286 | D        | Reached skill level 16 in Stealth
   286 | D        | Reached XP level 7. HP: 33/33 MP: 11/15
   295 | D        | Found an iron altar of Okawaru.
   295 | D        | Found an opulent altar of Gozag.
   296 | D        | Found a sparkling altar of Nemelex Xobeh.
   296 | D        | Found a blossoming altar of Fedhas.
   297 | D        | Found a radiant altar of Vehumet.
   297 | D        | Found a burning altar of Makhleb.
   297 | D        | Found a white marble altar of Elyvilon.
   298 | D        | Found a hide-covered altar of Uskayaw.
   298 | D        | Found a corrupted altar of Lugonu.
   298 | D        | Found a shadowy altar of Dithmenos.
   299 | D        | Found a glowing silver altar of Zin.
   299 | D        | Found a bloodstained altar of Trog.
   299 | D        | Found an ancient bone altar of Kikubaaqudgha.
   300 | D        | Found a basalt altar of Yredelemnul.
   300 | D        | Found a deep blue altar of Sif Muna.
   300 | D        | Found a viscous altar of Jiyva.
   301 | D        | Found a shimmering altar of Xom.
   301 | D        | Found a sacrificial altar of Ru.
   303 | D        | Found a glowing golden altar of the Shining One.
   303 | D        | Found an ornate altar of the Wu Jian Council.
   303 | D        | Found a stormy altar of Qazlal.
   303 | D        | Found a snail-covered altar of Cheibriados.
   303 | D        | Found a hazy altar of Hepliaklqana.
   304 | D        | Found a roughly hewn altar of Beogh.
   310 | D        | Became a worshipper of Dithmenos the Shadowed
   321 | D        | Noticed a shining eye
   321 | D        | Noticed a shining eye
   322 | D        | Noticed a shining eye
   323 | D        | Killed a shining eye
   323 | D        | Reached skill level 18 in Stealth
   323 | D        | Reached skill level 5 in Spellcasting
   323 | D        | Reached XP level 8. HP: 33/37 MP: 14/17
   325 | D        | Killed a shining eye
   325 | D        | Reached skill level 19 in Stealth
   326 | D        | Killed a shining eye
   326 | D        | Reached * piety under Dithmenos
   326 | D        | Reached skill level 20 in Stealth
   332 | D        | Noticed a hippogriff
   333 | D        | Noticed a hippogriff
   333 | D        | Noticed a hippogriff
   334 | D        | Killed a hippogriff
   334 | D        | Reached XP level 9. HP: 37/40 MP: 16/20
   614 | D        | Reached ** piety under Dithmenos
   614 | D        | Reached skill level 21 in Stealth
   622 | D        | Noticed a deep elf master archer
   625 | D        | Noticed an ice dragon
   830 | D        | Killed an ice dragon
   830 | D        | Reached skill level 22 in Stealth
   844 | D        | Noticed a death drake
   848 | D        | Noticed a yaktaur
   848 | D        | Noticed a polar bear
   849 | D        | Noticed a polar bear
   849 | D        | Noticed a polar bear
   850 | D        | Killed a polar bear
   851 | D        | Killed a polar bear
   851 | D        | Reached *** piety under Dithmenos
   851 | D        | Reached skill level 10 in Short Blades
   853 | D        | Killed a polar bear
   854 | D        | Reached skill level 23 in Stealth
   854 | D        | Reached XP level 10. HP: 47/47 MP: 23/23
   882 | D        | Found Edunt's Antique Armour Shoppe.
   882 | D        | Found Ogaofem's Weapon Emporium.
   882 | D        | Noticed Kirke
   882 | D        | Noticed a skeletal warrior
   883 | D        | Reached **** piety under Dithmenos
   884 | D        | Found Idoali's Distillery.
   884 | D        | Found Peneptapt's Magic Scroll Shoppe.
   884 | D        | Noticed a centaur warrior
  1147 | D        | Killed a skeletal warrior
  1180 | D        | Found Qaemue's Food Shoppe.
  1180 | D        | Found Abaufob's Distillery.
  1180 | D        | Noticed an elephant
  1182 | D        | Noticed a yaktaur captain
  1187 | D        | Noticed a manticore
  1204 | D        | Noticed an ice statue
  1210 | D        | Engulfed by a cloud of freezing vapour

Skill      XL: |  1  2  3  4  5  6  7  8  9 |
---------------+----------------------------+-----
Fighting       | 1 2 3 |  3.6
Short Blades   | 6 7 9 10 | 10.4
Stealth        | 10 12 14 16 18 20 23 | 23.5
Spellcasting   | 4 5 7 8 |  8.8
Hexes          | 7 9 12 13 | 13.1
Dodging        | |  3.0

Action                   |  1- 3 |  4- 6 |  7- 9 | 10-12 || total
-------------------------+-------+-------+-------+-------++-------
Melee: Dagger            |     8 |    45 |    15 |     3 ||    71
 Cast: Confuse           |       |       |     3 |    22 ||    25
  Use: Potion            |     1 |     1 |       |     1 ||     3
 Stab: Sleeping          |       |     2 |     9 |     3 ||    14
       Confused          |       |       |     2 |       ||     2
Armor: Robe              |       |     1 |       |       ||     1
Dodge: Dodged            |     4 |    23 |     5 |     7 ||    39
